 Dungeon Crawl Stone Soup version 0.26-b1-32-g5d43845318 (webtiles) character file.

Game seed: 17665876766842170982

401895 Anon1729 the Malleable (level 23, -11/178 HPs)
             Began as a Merfolk Transmuter on Jan 5, 2021.
             Was the Champion of Cheibriados.
             Hit by a large rock thrown by a stone giant (44 damage)
             ... on level 2 of the Depths.
             The game lasted 02:09:02 (65579 turns).

Anon1729 the Malleable (Merfolk Transmuter)        Turns: 65579, Time: 02:09:03

Health: -11/178    AC: 16    Str: 27    XL:     23   Next: 32%
Magic:  40/40      EV: 25    Int: 33    God:    Cheibriados [******]
Gold:   4031       SH:  0    Dex: 28    Spells: 13/49 levels left

rFire    . . .     SeeInvis +     - Unarmed
rCold    . . .     Faith    +   (shield currently unavailable)
rNeg     . . .     Spirit   .   (armour currently unavailable)
rPois    +         Reflect  .   (helmet currently unavailable)
rElec    .         Harm     .   (cloak currently unavailable)
rCorr    .         Rampage  .   (gloves currently unavailable)
Will     +....                  (boots currently unavailable)
Stlth    ++........             r - amulet of faith
HPRegen  0.39/turn              w - +4 ring of protection
MPRegen  0.27/turn              h - ring of see invisible

@: hydra-form, very slow
A: very large, (change form in water), (swift swim), (stealthy swim), clumsy 1,
dopey 1, screaming 1, wild magic 1
}: 2/15 runes: barnacled, gossamer
a: End Transformation, Renounce Religion, Bend Time, Temporal Distortion,
Slouch, Step From Time


You were on level 2 of the Depths.
You worshipped Cheibriados.
Cheibriados was exalted by your worship.
You were a 13-headed hydra.
You visited 9 branches of the dungeon, and saw 41 of its levels.
You visited the Abyss 2 times.
You also visited: Gauntlet.

You collected 4769 gold pieces.
You spent 738 gold pieces at shops.

Inventory:

Missiles
 t - 13 curare-tipped darts
 A - 6 silver javelins
Armour
 a - the +1 hat of Brilliance (melded) {rPois}
   (You found it on level 12 of the Dungeon)

   It protects you from poison.
 f - the +0 cloak of Pragmatism (melded) {rN+ Int+6}
   (You acquired it on level 13 of the Dungeon)

   It affects your intelligence (+6).
   It protects you from negative energy.
 B - a +2 pair of boots of stealth (melded)
 K - the +10 plate armour of Machori (melded) {+Blink rF+ Stlth+}
   (You found it on level 8 of the Dungeon)

   It protects you from fire.
   It lets you blink.
   It makes you more stealthy.
 T - a +1 pair of gloves of archery (melded)
Jewellery
 h - a ring of see invisible (right foreclaw)
 r - an amulet of faith (around neck)
 s - an uncursed ring of protection from fire
 w - a +4 ring of protection (left foreclaw)
 O - an uncursed ring of resist corrosion
 R - an uncursed ring of protection from cold
 Y - an uncursed ring of willpower
Wands
 g - a wand of acid (67)
 j - a wand of disintegration (36)
 x - a wand of enslavement (10)
 D - a wand of paralysis (18)
 H - a wand of flame (94)
 I - a wand of digging (6)
 J - a wand of polymorph (13)
 P - a wand of iceblast (18)
Scrolls
 d - 5 scrolls of fog
 e - 10 scrolls of magic mapping
 l - 7 scrolls of identify
 p - 4 scrolls of torment {unknown}
 q - 26 scrolls of remove curse
 v - 14 scrolls of teleportation
 y - a scroll of holy word
 z - 6 scrolls of fear
 C - 5 scrolls of enchant armour
 F - 11 scrolls of amnesia
 L - 4 scrolls of immolation
 M - 2 scrolls of vulnerability
 N - 2 scrolls of blinking
 S - a scroll of summoning
Potions
 b - 5 potions of brilliance
 c - 4 potions of attraction
 i - 3 potions of cancellation
 k - 7 potions of lignification
 m - 10 potions of heal wounds
 n - 7 potions of flight
 o - 10 potions of might
 u - 6 potions of invisibility
 E - 3 potions of mutation
 Q - 11 potions of curing
 U - 3 potions of ambrosia
 W - a potion of magic
 X - a potion of resistance
Miscellaneous
 G - a condenser vane
 V - a box of beasts
 Z - a tin of tremorstones (2/2)


   Skills:
 - Level 1.1 Fighting
 * Level 6.1 Throwing
 - Level 7.0 Armour
 - Level 18.1 Dodging
 - Level 20.1 Unarmed Combat
 - Level 13.7 Spellcasting
 + Level 11.1 Conjurations
 + Level 21.6 Transmutations
 + Level 16.7 Invocations
 + Level 10.0 Evocations


You had 13 spell levels left.
You knew the following spells:

 Your Spells              Type           Power        Failure   Level
a - Beastly Appendage     Tmut           100%         1%          1
b - Wereblood             Tmut           100%         1%          2
c - Spider Form           Tmut/Pois      44%          1%          3
d - Blade Hands           Tmut           60%          1%          5
e - Hydra Form            Tmut           60%          1%          6
f - Passwall              Tmut/Erth      74%          1%          2
g - Dragon Form           Tmut           60%          1%          7
h - Irradiate             Conj/Tmut      53%          1%          5
i - Yara's Violent Unrav  Hex/Tmut       44%          1%          5

Your spell library contained the following spells:

 Spells                   Type           Power        Failure   Level
 Foxfire                  Conj/Fire      100%         1%          1
 Magic Dart               Conj           100%         1%          1
 Shock                    Conj/Air       100%         1%          1
 Sting                    Tmut/Pois      100%         1%          1
 Searing Ray              Conj           100%         1%          2
 Conjure Flame            Conj/Fire      67%          1%          3
 Dazzling Flash           Conj/Hex       100%         1%          3
 Static Discharge         Conj/Air       67%          1%          3
 Stone Arrow              Conj/Erth      100%         1%          3
 Ice Form                 Ice/Tmut       89%          1%          4
 Petrify                  Tmut/Erth      89%          1%          4
 Iskenderun's Battlesphe  Conj           90%          1%          5
 Mephitic Cloud           Conj/Pois/Air  57%          2%          3
 Sandblast                Erth           58%          3%          1
 Summon Small Mammal      Summ           100%         3%          1
 Fulminant Prism          Conj/Hex       33%          3%          4
 Hailstorm                Conj/Ice       67%          3%          4
 Iskenderun's Mystic Bla  Conj/Tloc      67%          3%          4
 Sticky Flame             Conj/Fire      67%          3%          4
 Blink                    Tloc           N/A          5%          2
 Call Imp                 Summ           29%          5%          2
 Sublimation of Blood     Necr           14%          5%          2
 Swiftness                Air            29%          5%          2
 Eringya's Noxious Bog    Tmut/Pois      44%          6%          6
 Statue Form              Tmut/Erth      59%          6%          6
 Lightning Bolt           Conj/Air       33%          9%          5
 Call Canine Familiar     Summ           29%          10%         3
 Confusing Touch          Hex            29%          10%         3
 Gell's Gravitas          Tloc           14%          10%         3
 Lesser Beckoning         Tloc           14%          10%         3
 Summon Guardian Golem    Hex/Summ       29%          10%         3
 Teleport Other           Tloc           29%          10%         3
 Bolt of Magma            Conj/Fire/Erth 28%          17%         5
 Orb of Destruction       Conj           45%          24%         7
 Airstrike                Air            14%          26%         4
 Animate Dead             Necr           14%          26%         4
 Cause Fear               Hex            14%          26%         4
 Leda's Liquefaction      Hex/Erth       14%          26%         4
 Passage of Golubria      Tloc           N/A          26%         4
 Summon Ice Beast         Ice/Summ       29%          26%         4
 Summon Lightning Spire   Summ/Air       29%          26%         4
 Iron Shot                Conj/Erth      33%          38%         6
 Borgnjor's Vile Clutch   Necr/Erth      14%          56%         5
 Lee's Rapid Deconstruct  Erth           14%          56%         5
 Metabolic Englaciation   Hex/Ice        14%          56%         5
 Silence                  Hex/Air        14%          56%         5
 Summon Demon             Summ           14%          56%         5
 Summon Forest            Summ/Tloc      14%          56%         5
 Summon Mana Viper        Hex/Summ       29%          56%         5
 Freezing Cloud           Conj/Ice/Air   28%          63%         6
 Spellforged Servitor     Conj/Summ      33%          90%         7
 Shadow Creatures         Summ           N/A          98%         6
 Malign Gateway           Summ/Tloc      14%          100%        7
 Monstrous Menagerie      Summ           14%          100%        7
 Summon Greater Demon     Summ           14%          100%        7
 Summon Hydra             Summ           14%          100%        7
 Discord                  Hex            14%          100%        8
 Summon Horrible Things   Summ           14%          100%        8
 Dragon's Call            Summ           14%          100%        9
 Shatter                  Erth           14%          100%        9


Dungeon Overview and Level Annotations

Branches:
Dungeon (15/15)            Temple (1/1) D:4            Lair (6/6) D:11
 Shoals (4/4) Lair:2       Spider (4/4) Lair:4        Slime (0/5) Lair:6
    Orc (2/2) D:10            Elf (3/3) Orc:2        Vaults (4/5) D:13
  Crypt (0/3) Vaults:2     Depths (2/5) D:15        Gauntlet (visited)

Altars:
Ashenzari
Cheibriados
Dithmenos
Elyvilon
Fedhas
Gozag
Hepliaklqana
Kikubaaqudgha
Makhleb
Nemelex Xobeh
Okawaru
Qazlal
Ru
Sif Muna
Trog
Uskayaw
Vehumet
Wu Jian
Xom
Yredelemnul
Zin
The Shining One
Beogh
Lugonu

Shops:
D:4 !   D:9 *   D:10 !   Orc:2 [([}   Elf:3 }*[*   Vaults:4 *

Portals:
Hell: Depths:1
Abyss: Lair:2

Annotations:
D:11 1 runed translucent door
Vaults:3 1 runed translucent door, exclusion: player ghost, Synox's ghost, legendary FoFi


Innate Abilities, Weirdness & Mutations

((You revert to your normal form in water.))
((You are very nimble and swift while swimming.))
((You are very stealthy in the water. (Stealth+)))
((You have very sharp teeth.))
You are clumsy. (Dex -2)
You are dopey. (Int -2)
You occasionally shout uncontrollably at your foes.
Your spells are a little harder to cast, but a little more powerful.


Message History

You nip at the vampire knight but do no damage.
The vampire knight is severely damaged.
The vampire knight hits you with a +3 dire flail!
The vampire knight bites you!
The vampire knight draws strength from your injuries!
You gouge the vampire knight!!
The vampire knight is almost destroyed.
You chomp the vampire knight!!!
You destroy the vampire knight!
Cheibriados appreciates the change of pace.
The stone giant throws a large rock.
The large rock hits you!!
* * * LOW HITPOINT WARNING * * *
You close the door, pushing everything out of the way.
Things that are here:
a +3 great mace; a +0 demon whip; 2 large rocks Something unseen opens the door.
The stone giant throws a large rock.
The large rock closely misses you.
You close the door.
Something unseen opens the door.
The stone giant throws a large rock.
The large rock hits you!!!
You die...

###########
#(D#C......
#..'C......
#..#[......
#..#...###.
#<.#...#
########


You could see a stone giant.

Vanquished Creatures
  Boris (twice) (Vaults:4 Depths:1)
  Jorgrun (D:12)
  A hellephant (Abyss:3)
  4 liches
  2 deep elf master archers (Elf:3)
  2 deep elf blademasters (Elf:3)
  An Executioner (Abyss:3)
  Kirke (D:13)
  A kraken (Shoals:2)
  Donald (Shoals:4)
  A tengu reaver (Depths:2)
  Agnes (Elf:2)
  Roxanne (Shoals:2)
  3 frost giants
  7 vault wardens
  5 deep elf sorcerers
  A draconian shifter (Abyss:3)
  2 orc warlords (Orc:2)
  A ghost moth (Spider:4)
  7 emperor scorpions
  A deep elf elementalist (Elf:3)
  8 ironheart preservers
  A ghoul (Abyss:3)
  5 stone giants
  6 very ugly things (Depths:1)
  Nessos (D:15)
  A minotaur (Gauntlet)
  A vampire knight (Depths:2)
  7 deep elf demonologists
  8 deep elf annihilators
  A dire elephant (Lair:6)
  6 entropy weavers
  An ettin (Depths:1)
  3 spark wasps
  5 deep elf death magi (Elf:3)
  2 crystal guardians
  3 merfolk javelineers (Shoals:4)
  13 yaktaur captains
  Josephine (D:12)
  3 fire dragons
  3 great orbs of eyes
  3 deep elf high priests
  5 ice dragons
  13 merfolk impalers
  3 rakshasas
  11 hydras
  8 boulder beetles
  Erolcha (Orc:1)
  7 vault guards
  9 two-headed ogres
  8 centaur warriors
  The ghost of reggie the Markscentaur, a journeyman CeHu of Okawaru (D:10)
  6 merfolk avatars
  3 catoblepae
  2 merfolk aquamancers (Shoals:3)
  An alligator snapping turtle (Shoals:3)
  2 deep troll shamans (Vaults:3)
  28 dancing weapons
  7 death knights
  5 ogre magi
  8 death scarabs (Spider:4)
  19 death yaks
  4 tengu warriors
  2 deep troll earth magi
  5 thrashing horrors
  5 spriggan berserkers (Depths:1)
  The ghost of Anon1729 the Grappler, a novice DrTm of Uskayaw (Lair:1)
  Sonja (Orc:2)
  11 skeletal warriors
  A salamander mystic (Depths:1)
  3 wretched stars (Abyss:3)
  29 deep elf knights
  2 sixfirhies (Abyss:3)
  A fire crab (Gauntlet)
  A death drake (Abyss:3)
  A hell knight (Depths:2)
  3 flayed ghosts
  6 unseen horrors
  6 glowing orange brains
  A sea snake (shapeshifter) (Elf:3)
  8 deep trolls
  8 wizards
  12 sea snakes
  A shadow dragon zombie (Vaults:4)
  21 deep elf archers
  10 ironbrand convokers
  15 harpies
  A lindwurm (Lair:6)
  2 phantasmal warriors
  2 wolf spider zombies (Spider:4)
  2 spectral wolf spiders (Spider:4)
  21 orb spiders
  2 necromancers
  Pikel (D:4)
  10 ugly things
  3 fauns (Shoals:1)
  3 cyclopes
  24 wolf spiders
  12 orc knights
  19 manticores
  A frost giant zombie (Vaults:4)
  67 deep elf magi
  4 orc sorcerers
  3 worldbinders (Abyss:3)
  4 salamanders (Depths:1)
  5 large abominations (Abyss:3)
  9 merfolk sirens
  An apocalypse crab (Abyss:3)
  Joseph (D:9)
  A moth of wrath (Spider:4)
  Maurice (Orc:1)
  6 torpor snails
  A guardian serpent (shapeshifter) (Abyss:3)
  A molten gargoyle (Depths:1)
  4 black mambas
  A black mamba (shapeshifter) (D:15)
  11 vault sentinels
  12 elephants
  3 smoke demons
  A gargoyle (D:13)
  An orange demon (Abyss:3)
  16 cane toads
  A minotaur zombie (Gauntlet)
  An efreet (Abyss:3)
  8 water nymphs
  A komodo dragon (shapeshifter) (Elf:2)
  4 spectral redbacks (Spider:4)
  A rime drake (shapeshifter) (Vaults:3)
  11 freezing wraiths
  7 komodo dragons
  A redback zombie (Spider:4)
  48 yaktaurs
  4 rime drakes
  12 demonic crawlers
  4 kobold demonologists (D:12)
  A red devil (Depths:1)
  19 merfolk
  3 ancient zymes (Abyss:3)
  4 tengu conjurers
  A tengu simulacrum (Vaults:3)
  2 queen bees (shapeshifter)
  2 trolls
  3 hellwings
  A harpy zombie (D:15)
  Grinder (D:6)
  A dream sheep (shapeshifter) (Depths:1)
  A spectral tarantella (Spider:4)
  Prince Ribbit (D:5)
  27 jumping spiders
  A sphinx simulacrum (Vaults:4)
  A raiju (shapeshifter) (Vaults:4)
  16 blink frogs
  A troll (shapeshifter) (Vaults:1)
  4 spectral jumping spiders (Spider:4)
  3 wind drakes (Shoals:3)
  10 hornets
  2 dream sheep (Lair:6)
  6 jumping spider zombies (Spider:4)
  2 tarantella zombies (Spider:4)
  9 raiju (Abyss:3)
  26 slime creatures
  8 snapping turtles
  A flying skull (Abyss:3)
  2 redbacks (shapeshifter) (D:15)
  59 redbacks
  2 air elementals
  A vampire (D:15)
  22 water elementals
  A fire dragon skeleton (Abyss:3)
  4 hogs (D:13)
  27 tarantellas
  4 wyverns
  5 shadows
  8 wraiths
  2 ynoxinuls (Abyss:3)
  3 fire elementals
  A fire bat (shapeshifter) (Vaults:2)
  7 basilisks
  55 yaks
  8 fire bats
  2 hogs (shapeshifter)
  2 neqoxecs (Abyss:3)
  Grum (Lair:1)
  6 vampire mosquitoes
  4 wargs
  4 acid dragons
  A soldier ant (D:11)
  A hell hound (Depths:1)
  19 water moccasins
  4 black bears
  3 spectral hornets (Spider:4)
  57 orc warriors
  4 sky beasts
  3 eyes of draining
  3 ice beasts
  2 necrophages
  3 phantoms
  A hornet zombie (D:9)
  17 ogres
  A tengu (shapeshifter) (Vaults:2)
  21 wolves
  5 boggarts
  11 centaurs
  A lemure (D:4)
  Blork the orc (D:6)
  3 big kobolds
  13 bullfrogs
  4 earth elementals
  A hornet simulacrum (Gauntlet)
  2 wyvern skeletons
  7 scorpions
  A water moccasin skeleton (D:12)
  3 troll zombies (D:10)
  20 wights
  A howler monkey (D:5)
  4 electric eels
  3 bullfrog zombies
  3 quasits
  12 starcursed masses (Abyss:3)
  38 orc wizards
  23 orc priests
  5 hounds
  8 jellies
  6 centaur skeletons
  4 bullfrog skeletons
  12 worker ants
  5 iguanas
  7 hell rats
  A naga zombie (Abyss:3)
  5 ogre zombies (D:10)
  2 centaur simulacra (Gauntlet)
  12 small abominations
  3 hound zombies
  2 hound skeletons (D:8)
  11 adders
  2 howler monkey skeletons
  4 shadow imps
  6 white imps
  4 ufetubi
  3 oozes
  2 adder zombies (D:8)
  4 worms
  A dart slug (D:2)
  2 leopard geckos
  152 orcs
  5 giant cockroaches
  10 goblins
  7 hobgoblins
  8 jackals
  4 quokkas
  6 bats
  4 frilled lizards
  2 goblin skeletons (D:10)
  4 goblin zombies (D:10)
  A hobgoblin skeleton (D:10)
  4 hobgoblin zombies (D:10)
  A jackal zombie (D:5)
  33 kobolds
  3 leopard gecko skeletons
  A leopard gecko zombie (D:7)
  2 orc skeletons (D:10)
  12 orc zombies (D:10)
  6 rats
  2 butterflies (Lair:2)
  3 tentacles (Shoals:2)
1856 creatures vanquished.

Vanquished Creatures (others)
  A deep elf elementalist (Elf:3)
  2 deep elf magi (Elf:1)
  A deep elf archer (Elf:3)
  A wolf spider (Spider:2)
  A wyvern (D:13)
  A human (D:13)
  A warg (Vaults:4)
  An ice beast (D:14)
  An ogre (Vaults:4)
  A bullfrog (D:13)
  An iguana (D:13)
  An orc wizard (D:13)
  An orc (D:13)
  48 fungi
  A lurking horror (Lair:2)
  95 plants
  5 tentacles (Shoals:2)
  4 toadstools (D:5)
167 creatures vanquished.

Grand Total: 2023 creatures vanquished

Notes
Turn   | Place    | Note
-------+----------+-------------------------------------------
     0 | D:1      | Anon1729 the Merfolk Transmuter began the quest for the
                  | Orb.
     0 | D:1      | Reached XP level 1. HP: 15/15 MP: 3/3
   700 | D:1      | Reached XP level 2. HP: 12/21 MP: 5/5
  1561 | D:2      | Reached XP level 3. HP: 11/26 MP: 4/6
  2637 | D:2      | Reached skill level 5 in Unarmed Combat
  2707 | D:2      | Found a sparkling altar of Nemelex Xobeh.
  3271 | D:2      | Reached XP level 4. HP: 28/32 MP: 7/7
  4168 | D:3      | Learned a level 2 spell: Wereblood
  4175 | D:3      | Learned a level 3 spell: Spider Form
  4713 | D:4      | Reached skill level 3 in Transmutations
  4713 | D:4      | Reached XP level 5. HP: 37/37 MP: 4/8
  4763 | D:4      | Reached skill level 4 in Transmutations
  4763 | D:4      | Reached XP level 6. HP: 41/43 MP: 6/9
  4832 | D:4      | Found a sacrificial altar of Ru.
  4960 | D:4      | Noticed Pikel
  4972 | D:4      | Killed Pikel
  4973 | D:4      | Reached skill level 6 in Transmutations
  4973 | D:4      | Reached XP level 7. HP: 36/48 MP: 7/10
  5104 | D:4      | Got a shimmering ring mail
  5115 | D:4      | Identified the +8 ring mail "Ryracam" {+Inv rN+} (You found
                  | it on level 4 of the Dungeon)
  5256 | D:4      | Found a shadowy altar of Dithmenos.
  5264 | D:4      | Reached skill level 7 in Transmutations
  5315 | D:4      | Found Vuivyatt's Distillery.
  5320 | D:4      | Bought a potion of degeneration for 14 gold pieces
  5320 | D:4      | Bought a potion of attraction for 42 gold pieces
  5320 | D:4      | Bought a potion of curing for 42 gold pieces
  5624 | D:4      | Reached XP level 8. HP: 41/54 MP: 11/11
  5702 | D:4      | Found a staircase to the Ecumenical Temple.
  5785 | Temple   | Entered the Ecumenical Temple
  6076 | D:5      | Entered Level 5 of the Dungeon
  6086 | D:5      | Reached skill level 8 in Transmutations
  6606 | D:5      | Noticed Prince Ribbit
  6616 | D:5      | Killed Prince Ribbit
  6617 | D:5      | Reached skill level 9 in Transmutations
  6821 | D:5      | Reached XP level 9. HP: 47/59 MP: 12/12
  7008 | D:5      | Reached skill level 10 in Transmutations
  7232 | D:6      | Reached skill level 10 in Unarmed Combat
  7437 | D:5      | Learned a level 5 spell: Blade Hands
  7792 | D:6      | Noticed Grinder
  7794 | D:6      | Paralysed by Grinder for 4 turns
  7804 | D:6      | Killed Grinder
  8066 | D:6      | Reached skill level 11 in Transmutations
  8133 | D:6      | Noticed Blork the orc
  8142 | D:6      | Killed Blork the orc
  8524 | D:7      | Found a glowing silver altar of Zin.
  8537 | D:7      | Found a shimmering blue altar of Sif Muna.
  8537 | D:7      | Found a snail-covered altar of Cheibriados.
  8565 | D:7      | Became a worshipper of Cheibriados the Contemplative
  9333 | D:8      | Reached * piety under Cheibriados
  9339 | D:8      | Reached skill level 12 in Transmutations
  9412 | D:8      | Reached XP level 10. HP: 51/65 MP: 13/13
  9920 | D:8      | Got a warped plate armour
  9931 | D:8      | Identified the +10 plate armour of Machori {+Blink rF+
                  | Stlth+} (You found it on level 8 of the Dungeon)
 10300 | D:8      | Found a runed translucent door.
 10454 | D:8      | Reached ** piety under Cheibriados
 10909 | D:8      | Reached *** piety under Cheibriados
 10915 | D:8      | Reached skill level 1 in Armour
 10936 | D:8      | HP: 3/65 [orc/+0 club (5)]
 11242 | D:8      | Found a roughly hewn altar of Beogh.
 11394 | D:9      | Noticed Joseph
 11406 | D:9      | Killed Joseph
 11497 | D:9      | Reached **** piety under Cheibriados
 11524 | D:9      | Found a bloodstained altar of Trog.
 11688 | D:9      | Reached skill level 13 in Transmutations
 12018 | D:9      | Found Tomoidgh's General Store.
 12026 | D:9      | Bought a potion of brilliance for 56 gold pieces
 12026 | D:9      | Bought a scroll of identify for 28 gold pieces
 12092 | D:9      | Found an ornate altar of the Wu Jian Council.
 12115 | D:10     | Entered Level 10 of the Dungeon
 12210 | D:10     | Found Bebluc's Distillery.
 12213 | D:10     | Bought a potion of flight for 42 gold pieces
 12213 | D:10     | Bought a potion of might for 56 gold pieces
 12429 | D:10     | You fall into a shaft and drop 2 floors!
 12529 | D:12     | Noticed Jorgrun
 12532 | D:12     | Reached XP level 11. HP: 70/70 MP: 9/14
 12533 | D:12     | Reached ***** piety under Cheibriados
 12543 | D:12     | Killed Jorgrun
 12544 | D:12     | Reached skill level 14 in Transmutations
 12821 | D:12     | Found a sparkling altar of Nemelex Xobeh.
 13393 | D:11     | Found a staircase to the Lair.
 13441 | D:11     | Noticed a two-headed ogre
 13451 | D:11     | Killed a two-headed ogre
 13609 | D:11     | Noticed an unseen horror
 13691 | D:11     | Killed an unseen horror
 13692 | D:11     | Reached skill level 5 in Armour
 13957 | D:11     | Found a runed translucent door.
 13957 | D:11     | Noticed a sphinx
 13957 | D:11     | Noticed a deep troll
 13957 | D:11     | Noticed a tengu reaver
 13958 | D:11     | Identified the +7 scimitar of the Slashing Shark {freeze,
                  | Int+3 Dex+3 Stlth+}
 13959 | D:11     | Noticed a death drake
 13959 | D:11     | Noticed an ettin
 13959 | D:11     | Noticed a frost giant
 13959 | D:11     | Noticed a yaktaur captain
 13959 | D:11     | Identified the +3 battleaxe of the Vestibule of Hell
                  | {vorpal, +Blink rF++}
 13959 | D:11     | Noticed a deep elf high priest
 13959 | D:11     | a death drake changed into a torpor snail
 14063 | D:11     | Noticed a green ugly thing
 14068 | D:11     | Killed a green ugly thing
 14069 | D:11     | Reached skill level 15 in Transmutations
 14069 | D:11     | Reached XP level 12. HP: 68/76 MP: 9/15
 14674 | D:12     | Noticed a sun demon
 14675 | D:12     | Reached ****** piety under Cheibriados
 14807 | D:12     | Noticed Josephine
 14814 | D:12     | Killed Josephine
 15247 | D:12     | Got a warped hat
 15253 | D:12     | Identified the +1 hat of Brilliance {rPois} (You found it
                  | on level 12 of the Dungeon)
 15386 | D:13     | Noticed a centaur warrior
 15652 | D:13     | Noticed a boulder beetle
 15652 | D:13     | Noticed a catoblepas
 15662 | D:12     | Killed a boulder beetle
 15890 | Lair:1   | Entered Level 1 of the Lair of Beasts
 16003 | Lair:1   | Noticed Grum
 16020 | Lair:1   | Killed Grum
 16323 | Lair:1   | Found a large runed translucent door.
 16323 | Lair:1   | Found a large runed translucent door.
 16324 | Lair:1   | Noticed Anon1729's ghost (novice DrTm)
 16564 | Lair:1   | Reached skill level 16 in Transmutations
 16614 | Lair:1   | Noticed a five-headed hydra
 17047 | Lair:2   | Found a corrupted altar of Lugonu.
 17056 | Lair:2   | Found a one-way gate to the infinite horrors of the Abyss.
 17500 | Lair:2   | Found a staircase to the Shoals.
 17503 | Lair:2   | Noticed a four-headed hydra
 17553 | Lair:2   | Learned a level 6 spell: Hydra Form
 17927 | Lair:3   | Noticed a six-headed hydra
 17987 | Lair:1   | Killed a five-headed hydra
 17988 | Lair:1   | Reached XP level 13. HP: 50/81 MP: 5/18
 18434 | Lair:1   | Killed Anon1729's ghost
 18575 | Lair:3   | Reached skill level 5 in Dodging
 18669 | Lair:3   | Reached skill level 15 in Unarmed Combat
 19013 | Lair:3   | Reached skill level 5 in Spellcasting
 19982 | Lair:4   | Found a glowing silver altar of Zin.
 20262 | Lair:4   | Found a hole to the Spider Nest.
 20879 | Lair:5   | Reached XP level 14. HP: 88/88 MP: 16/24
 21152 | Lair:5   | Reached skill level 10 in Dodging
 22060 | Lair:6   | Entered Level 6 of the Lair of Beasts
 22835 | Lair:6   | Found a staircase to the Slime Pits.
 23141 | Lair:6   | Reached XP level 15. HP: 79/93 MP: 20/28
 23876 | Lair:6   | HP: 6/120 [catoblepas (21)]
 24970 | D:13     | Identified a scroll of acquirement
 24977 | D:13     | Noticed Kirke
 25107 | D:13     | Acquired the +0 cloak of Pragmatism {rN+ Int+6}
 25179 | D:13     | Killed Kirke
 25325 | D:13     | Reached skill level 10 in Spellcasting
 25576 | D:13     | Found a gate to the Vaults.
 26306 | D:14     | Found a gate leading to a gauntlet.
 26317 | Gauntlet | Entered a Gauntlet
 26317 | Gauntlet | Found a transporter.
 26369 | Gauntlet | Found a transporter.
 26372 | Gauntlet | Found a transporter.
 26373 | Gauntlet | Found a transporter.
 26381 | Gauntlet | Found a transporter.
 26384 | Gauntlet | Found a transporter.
 26385 | Gauntlet | Found a transporter.
 26394 | Gauntlet | Found a transporter.
 26396 | Gauntlet | Found a transporter.
 26397 | Gauntlet | Found a transporter.
 26408 | Gauntlet | Found a transporter.
 26409 | Gauntlet | Found a transporter.
 26413 | Gauntlet | Found a transporter.
 26417 | Gauntlet | Found a transporter.
 27097 | Gauntlet | Got a transparent spear
 27101 | D:14     | Identified the cursed +0 spear of Fojaib Etzy {flame,
                  | Dex+3} (You found it in a Gauntlet)
 28051 | D:14     | Found a large runed translucent door.
 28051 | D:14     | Found a large runed translucent door.
 28151 | D:15     | Entered Level 15 of the Dungeon
 28162 | D:15     | Reached XP level 16. HP: 99/99 MP: 25/30
 28302 | D:15     | Noticed Nessos
 28314 | D:15     | Killed Nessos
 28792 | D:15     | Found a glowing silver altar of Zin.
 29057 | D:15     | Found a staircase to the Depths.
 29320 | D:10     | Found a staircase to the Orcish Mines.
 29477 | D:10     | Found a runed translucent door.
 29547 | D:10     | Noticed reggie's ghost (journeyman CeHu)
 29555 | D:10     | Killed reggie's ghost
 29625 | Orc:1    | Entered Level 1 of the Orcish Mines
 29635 | Orc:1    | Noticed Maurice
 29670 | Orc:1    | Killed Maurice
 29847 | Orc:1    | Noticed Erolcha
 29854 | Orc:1    | Killed Erolcha
 30108 | Orc:2    | Entered Level 2 of the Orcish Mines
 30119 | Orc:2    | Noticed Sonja
 30516 | Orc:2    | Found a staircase to the Elven Halls.
 30564 | Orc:2    | Killed Sonja
 30572 | Orc:2    | Reached skill level 15 in Dodging
 30724 | Orc:2    | Found a roughly hewn altar of Beogh.
 30767 | Orc:2    | Found a radiant altar of Vehumet.
 31053 | Orc:2    | Found a roughly hewn altar of Beogh.
 31083 | Orc:2    | Found Meirphuwi's Antique Armour Shop.
 31088 | Orc:2    | Bought a pair of embroidered boots for 240 gold pieces
 31127 | Orc:2    | Found a roughly hewn altar of Beogh.
 31145 | Orc:2    | Found Tinihimm's Gadget Emporium.
 31361 | Orc:2    | Found Xaiguple's Antique Armour Shoppe.
 31364 | Orc:2    | Found a roughly hewn altar of Beogh.
 31368 | Orc:2    | Found Ruyb's Antique Weapon Emporium.
 31519 | Orc:2    | Found a roughly hewn altar of Beogh.
 31755 | Elf:1    | Entered Level 1 of the Elven Halls
 32596 | Elf:1    | Reached XP level 17. HP: 49/104 MP: 27/33
 34246 | Elf:2    | Found a runed translucent gate.
 34246 | Elf:2    | Found a runed translucent gate.
 34256 | Elf:2    | Found a runed translucent gate.
 34277 | Elf:2    | Noticed Agnes
 34292 | Elf:2    | Killed Agnes
 36214 | Elf:3    | Entered Level 3 of the Elven Halls
 37024 | Elf:3    | Learned a level 2 spell: Passwall
 37173 | Elf:3    | Found Ysu Depi's Gadget Boutique.
 37176 | Elf:3    | Found Nuboa's Antique Armour Shop.
 37176 | Elf:3    | Found Evaget's Assorted Antiques.
 37181 | Elf:3    | Found Otosacee's General Store.
 37184 | Elf:3    | Bought a scroll of identify for 60 gold pieces
 37184 | Elf:3    | Bought a scroll labelled ONULLA UTI SUDGH for 30 gold
                  | pieces
 38000 | Elf:3    | Reached XP level 18. HP: 110/110 MP: 35/35
 38005 | Elf:3    | Noticed a deep elf blademaster
 38123 | Elf:3    | Noticed a deep elf blademaster
 38129 | Elf:3    | Killed a deep elf blademaster
 38135 | Elf:3    | Noticed a deep elf master archer
 38139 | Elf:3    | Killed a deep elf blademaster
 38478 | Elf:3    | Noticed a deep elf master archer
 38481 | Elf:3    | HP: 5/143 [deep elf master archer/arrow (34)]
 38857 | Elf:3    | Killed a deep elf master archer
 38878 | Elf:3    | Killed a deep elf master archer
 39008 | Elf:3    | Identified the ring "Muibuore" {Str+2 Stlth-}
 39009 | Elf:3    | Reached skill level 5 in Invocations
 39077 | Elf:3    | Noticed a Brimstone Fiend
 39163 | Elf:3    | Identified the +1 morningstar of the Queen {antimagic,
                  | *Rage Int+3 SInv}
 39167 | Elf:3    | Noticed a Brimstone Fiend
 39167 | Elf:3    | Cast into level 3 of the Abyss (a deep elf sorcerer)
 39214 | Abyss:3  | Got a fine leather armour
 39227 | Abyss:3  | Gained mutation: Scrolls take you a little longer to read.
                  | [a neqoxec]
 39228 | Abyss:3  | Lost mutation: Scrolls take you a little longer to read.
                  | [potion of mutation]
 39228 | Abyss:3  | Gained mutation: Armour fits poorly on your strangely
                  | shaped body. [potion of mutation]
 39228 | Abyss:3  | Gained mutation: You have very sharp teeth. [potion of
                  | mutation]
 39232 | Abyss:3  | Lost mutation: Armour fits poorly on your strangely shaped
                  | body. [potion of mutation]
 39232 | Abyss:3  | Gained mutation: You are dopey. (Int -2) [potion of
                  | mutation]
 39232 | Abyss:3  | Gained mutation: You are clumsy. (Dex -2) [potion of
                  | mutation]
 39232 | Abyss:3  | Gained mutation: Your spells are a little harder to cast,
                  | but a little more powerful. [potion of mutation]
 39287 | Abyss:3  | Noticed a hellephant
 39296 | Abyss:3  | Killed a hellephant
 39585 | Elf:3    | Escaped the Abyss
 39998 | Elf:3    | Identified Sirixt's Handbook of Dark Rites and Poisoning
 40141 | Elf:3    | Identified the +1 leather armour of Youthful Indiscretion
                  | {+Blink rF+ rC-} (You found it on level 3 of the Abyss)
 40153 | Elf:3    | Identified the cursed +1 trident of World Downfall {freeze,
                  | Str+4} (You found it on level 3 of the Elven Halls)
 40421 | Shoals:1 | Entered Level 1 of the Shoals
 40546 | Shoals:1 | Reached skill level 10 in Invocations
 41081 | Shoals:1 | Learned a level 7 spell: Dragon Form
 41087 | Shoals:1 | Learned a level 5 spell: Irradiate
 41192 | Shoals:1 | Reached skill level 1 in Conjurations
 41442 | Shoals:1 | Reached XP level 19. HP: 115/115 MP: 36/36
 41688 | Shoals:2 | Identified Roxanne's Tome of Transformation
 41688 | Shoals:2 | Noticed Roxanne
 41706 | Shoals:2 | Killed Roxanne
 41708 | Shoals:2 | You are sucked into a shaft and drop 1 floor!
 42998 | Shoals:4 | Entered Level 4 of the Shoals
 43237 | Shoals:4 | Reached skill level 17 in Transmutations
 43321 | Shoals:4 | Identified the Volume of Mutagenic Unholy Rites
 43444 | Shoals:4 | Got a barnacled rune of Zot
 43788 | Shoals:4 | Noticed Donald
 43795 | Shoals:4 | Learned a level 5 spell: Yara's Violent Unravelling
 43796 | Shoals:4 | Gained mutation: You occasionally shout uncontrollably at
                  | your foes. [you]
 43800 | Shoals:4 | Killed Donald
 45861 | Shoals:2 | Reached skill level 5 in Conjurations
 46166 | Spider:1 | Entered Level 1 of the Spider Nest
 47817 | Spider:2 | Reached skill level 18 in Transmutations
 48749 | Spider:2 | Reached XP level 20. HP: 118/121 MP: 37/37
 50342 | Spider:4 | Entered Level 4 of the Spider Nest
 51036 | Spider:4 | Got a gossamer rune of Zot
 51505 | Spider:4 | Identified the cursed +1 robe of Qeru {rF+ rCorr Dex-3
                  | Stlth+} (You found it on level 4 of the Spider Nest)
 51673 | Spider:4 | Reached skill level 19 in Transmutations
 51673 | Spider:4 | Reached skill level 1 in Evocations
 52530 | Vaults:1 | Entered Level 1 of the Vaults
 52764 | Vaults:1 | Found a broken altar of Ashenzari.
 53558 | Vaults:1 | Reached XP level 21. HP: 24/126 MP: 38/38
 55087 | Vaults:2 | Reached skill level 5 in Evocations
 55812 | Vaults:2 | Found a staircase to the Crypt.
 56735 | Vaults:2 | Reached skill level 20 in Transmutations
 56766 | Vaults:2 | Reached skill level 15 in Invocations
 57291 | Vaults:3 | Found a runed translucent door.
 57819 | Vaults:3 | Noticed Synox's ghost (legendary FoFi)
 58163 | Vaults:3 | Reached XP level 22. HP: 132/132 MP: 34/39
 59141 | Vaults:3 | Reached skill level 10 in Conjurations
 59538 | Vaults:3 | Identified the Compendium of the Rocks and Attacks
 60160 | Vaults:4 | Cast into level 3 of the Abyss (a lich)
 60291 | Abyss:3  | Found a runed translucent door.
 60602 | Abyss:3  | Reached skill level 21 in Transmutations
 60701 | Vaults:4 | Escaped the Abyss
 61577 | Vaults:4 | Reached skill level 1 in Throwing
 61749 | Vaults:4 | Paralysed by an orc sorcerer for 7 turns
 62095 | Vaults:4 | Identified the Disquisition on Battle Magic and Cold
 62286 | Vaults:4 | Found Reshrent's General Store.
 62395 | Vaults:4 | Bought a potion of heal wounds for 80 gold pieces
 62395 | Vaults:4 | Bought a potion of curing for 48 gold pieces
 62633 | Vaults:4 | Noticed Boris
 62646 | Vaults:4 | Killed Boris
 63156 | Depths:1 | Entered Level 1 of the Depths
 63930 | Depths:1 | Reached XP level 23. HP: 137/137 MP: 34/40
 64468 | Depths:1 | Noticed Boris
 64486 | Depths:1 | Killed Boris
 64487 | Depths:1 | Reached skill level 5 in Throwing
 65025 | Depths:1 | Found a gateway to Hell.
 65172 | Depths:1 | Found a bloodstained altar of Trog.
 65564 | Depths:2 | Reached skill level 10 in Evocations
 65579 | Depths:2 | Hit by a large rock thrown by a stone giant

Illustrated notes

Levels and vault maps discovered:
D:1:      dpeg_arrival_rooms_c, layout_basic
D:2:      layout_basic, lemuel_round_altar
D:3:      layout_basic
D:4:      layout_loops_cross, nicolae_dithmenos_through_a_glass_darkly,
          nicolae_ru_sacrificial_ziggurat,
          minmay_temple_entry_statues_fountains, serial_shops,
          kennysheep_little_box, uniq_pikel
D:5:      layout_basic, minmay_gold_behind_fungi,
          chequers_serial_rivers_micro_a, uniq_prince_ribbit1
D:6:      layout_gridville, chequers_mini_garden, serial_bayou_crossing,
          uniq_grinder, uniq_blork_the_orc
D:7:      layout_loops_ring, minitemple
D:8:      layout_basic, lightli_church_of_beogh
D:9:      layout_roguey, pdpol_wu_jian_five_deadly_venoms, serial_shops,
          nicolae_shop_stone, trog_book, uniq_joseph
D:10:     layout_gridville, zombieorc2_lemuel, ebering_ghost_reflecting_pool,
          serial_shops, nicolae_shop_window_shopping,
          eino_small_chamber_without_monster
D:11:     minmay_gate_of_8, layout_loops_corners, david_lair_generic
D:12:     layout_roguey, basic_altar, minivault_10, uniq_josephine, uniq_jorgrun
D:13:     layout_rooms, hangedman_vaults_entry_quadrant_bands,
          serial_corexii_hall, chequers_hall_statues_y, corexii_hall_statues_s,
          corexii_hall_statues_i, corexii_hall_statues_s,
          corexii_hall_statues_l, chequers_hall_statues_corner_a, uniq_kirke
D:14:     layout_loops_ring, hangedman_decor_points, gauntlet_entry_generic,
          lightli_elemental_guards
D:15:     gammafunk_enter_depths_forms, layout_cave_pools, zin_angel,
          uniq_nessos
Temple:   regret_index_temple_generic_petals
Lair:1:   layout_loops_ring, ebering_ghost_disaster_area, lemuel_fruit_tree,
          uniq_grum
Lair:2:   layout_loops_ring, elwin_shoals_entry_rocks,
          chequers_serial_rivers_micro_e, amcnicky_altar_lugonu_corruption,
          lemuel_fruit_fields
Lair:3:   layout_cave_pods
Lair:4:   layout_regular_city, spider_nest_entry_web_field, basic_altar
Lair:5:   layout_small_grid
Lair:6:   hangedman_lair_in_review, layout_small_grid,
          minmay_slime_entry_pillars, serial_bayou_shore_a
Shoals:1: cheibrodos_shoals_roost, layout_shoals,
          nicolae_shoals_water_elemental_grotto
Shoals:2: layout_shoals, uniq_roxanne
Shoals:3: layout_shoals
Shoals:4: shoals_end_grunt_ice, layout_shoals, uniq_donald
Spider:1: layout_spider_delve
Spider:2: layout_spider_delve, einodemon_crawler_minivault
Spider:3: layout_spider_delve
Spider:4: floodkiller_spider_rune_tomb
Orc:1:    layout_caves, nicolae_orc_crystal_geode, uniq_erolcha, uniq_maurice
Orc:2:    grunt_orc_community_town_hall, layout_caves,
          grunt_orc_community_big_house_2, grunt_orc_community_big_house_2,
          grunt_orc_community_house_3, grunt_orc_community_house_3,
          grunt_orc_community_house_2, grunt_orc_community_house_1,
          grunt_orc_community_house_1, amcnicky_altar_gilded, uniq_sonja
Elf:1:    eino_elf_arrival_shootout, layout_onion_city,
          kennysheep_underground_church, minivault_14,
          minmay_checkered_concentric_circles
Elf:2:    layout_loops_ring, uniq_agnes
Elf:3:    grunt_elf_hall_asides, layout_loops_ring, minmay_fountain_box,
          minmay_shoptagon
Vaults:1: v_pattern_3, nicolae_vaults_mini_display_case,
          hangedman_vaults_stagger, v_misc_12, v_misc_24,
          nicolae_vaults_circle_grid_b, hangedman_vaults_slice,
          vaults_room_boxed, nicolae_vaults_diagonal_hallway_6, v_misc_19,
          layout_vaults_chaotic_city, basic_altar
Vaults:2: nicolae_vaults_asterisk, v_pattern_5, vaults_room_ringed_pool,
          blue_anna_dwarven_crypt, hangedman_vaults_stretched_pinwheel,
          nicolae_vaults_big_angled_halls, ontoclasm_vaults_chip,
          nicolae_vaults_triangles, nicolae_vaults_big_angled_halls,
          ontoclasm_vaults_twist, vaults_mumra_hex, vaults_standard_mumra_x,
          layout_vaults_omnicross
Vaults:3: ebering_vaults_ghost_inner_flame, nicolae_vaults_quartermaster,
          v_alt_pattern_5, ontoclasm_vaults_chip, v_pattern_4,
          nicolae_vaults_network_star, v_misc_4, layout_vaults_omnigrid
Vaults:4: nicolae_vaults_little_squares_3, ontoclasm_vaults_fire_temple,
          v_misc_33, nicolae_vaults_what_the_h, v_alt_pattern_1, v_misc_10,
          nicolae_vaults_little_squares_5, v_alt_pattern_6,
          vaults_room_stairs_pillars, nicolae_vaults_three_branches,
          layout_vaults_omnibox, serial_shops, shop, uniq_boris
Depths:1: layout_basic, hellmouth_1, minmay_misc_feat_pillars,
          evilmike_spriggan_trog_shrine
Depths:2: minmay_isolated_rectangles_in_corner, layout_small_grid,
          abyss_entry_glasseish, pf_hell_entry_tar_river, uniq_enchantress

Skill      XL: |  1  2  3  4  5  6  7  8  9 10 11 12 13 14 15 16 17 18 19 20 21 22 23 |
---------------+----------------------------------------------------------------------+-----
Unarmed Combat | 4 5 6 7 8 9 11 12 13 14 15 16 18 19 20 | 20.1
Transmutations | 3 4 6 7 9 12 13 15 16 18 19 20 21 | 21.6
Dodging        | 4 9 12 14 16 17 18 | 18.1
Armour         | 2 5 6 7 |  7.0
Spellcasting   | 3 6 9 10 12 13 | 13.7
Invocations    | 10 12 14 15 16 | 16.7
Conjurations   | 1 5 8 9 10 11 | 11.1
Evocations     | 3 7 9 10 | 10.0
Throwing       | 4 6 |  6.1
Fighting       | |  1.1

Action                   |  1- 3 |  4- 6 |  7- 9 | 10-12 | 13-15 | 16-18 | 19-21 | 22-24 || total
-------------------------+-------+-------+-------+-------+-------+-------+-------+-------++-------
Melee: Unarmed           |   173 |   109 |   379 |   579 |   659 |   991 |  1271 |   600 ||  4761
       Headbutt          |     2 |     1 |     3 |    19 |       |       |       |       ||    25
       Punch             |       |     2 |     7 |    44 |    35 |    44 |    99 |    48 ||   279
       Bite              |       |       |       |       |       |    13 |   141 |    76 ||   230
       Tailslap          |       |       |       |       |       |     1 |    35 |       ||    36
Throw: Dart              |       |       |       |       |       |       |     9 |     1 ||    10
       Javelin           |       |       |       |       |       |       |       |     1 ||     1
 Cast: Beastly Appendage |     2 |     3 |     1 |     6 |     1 |       |     1 |       ||    14
       Spider Form       |       |     4 |     8 |     1 |     1 |     1 |       |       ||    15
       Blade Hands       |       |       |    12 |    38 |    17 |    15 |    24 |    12 ||   118
       Wereblood         |       |       |     1 |     4 |    13 |    14 |     7 |       ||    39
       Hydra Form        |       |       |       |     2 |    43 |    56 |    48 |    25 ||   174
       Passwall          |       |       |       |       |       |     1 |       |     2 ||     3
       Dragon Form       |       |       |       |       |       |       |     1 |       ||     1
       Yara's Violent Un |       |       |       |       |       |       |     1 |       ||     1
       Irradiate         |       |       |       |       |       |       |     1 |       ||     1
Invok: Slouch            |       |       |       |     2 |       |       |     2 |     3 ||     7
       Temporal Distorti |       |       |       |       |     2 |       |     1 |     2 ||     5
       Step From Time    |       |       |       |       |       |       |       |     1 ||     1
 Abil: Evoke Blink       |       |       |       |     1 |     1 |       |       |     1 ||     3
       End Transformatio |       |       |       |     1 |     1 |     1 |     2 |     2 ||     7
Evoke: Wand              |       |       |       |     5 |       |     7 |    13 |     8 ||    33
       Condenser vane    |       |       |       |       |       |     1 |     2 |     2 ||     5
  Use: Scroll            |       |       |       |    14 |    16 |    11 |     9 |     1 ||    51
       Potion            |       |       |       |     5 |     2 |     7 |     2 |     5 ||    21
 Stab: Sleeping          |     2 |     1 |       |       |     1 |     2 |     3 |       ||     9
       Distracted        |       |       |       |       |       |       |     3 |     2 ||     5
Armor: Robe              |    31 |    10 |       |       |       |       |       |       ||    41
       Skin              |       |     3 |     1 |     3 |    59 |    88 |   151 |    72 ||   377
       Ring mail         |       |       |   113 |    10 |       |       |       |       ||   123
       Plate armour      |       |       |       |   359 |   153 |   127 |   274 |   192 ||  1105
Dodge: Dodged            |   119 |    61 |   210 |   466 |   630 |   729 |  1320 |   645 ||  4180
